 Dungeon Crawl Stone Soup version 0.19.0-2-gae57169 (webtiles) character file.

78 kae the Insei (level 4, 0/35 HPs)
             Began as a Draconian Transmuter on Nov 4, 2016.
             Slain by Crazy Yiuf
             ... wielding a +4 quarterstaff of chaos
              (4 damage)
             ... on level 2 of the Dungeon.
             The game lasted 00:02:36 (2178 turns).

kae the Insei (Draconian Transmuter)                Turns: 2178, Time: 00:02:37

Health: 0/35       AC:  2    Str: 12    XL:     4   Next: 15%
Magic:  0/7        EV: 19    Int: 14    God:
Gold:   75         SH:  0    Dex: 17    Spells: 3 memorised, 1 level left

rFire  . . .     SeeInvis .       - Unarmed
rCold  . . .     Gourm    .     (armour unavailable)
rNeg   . . .     Faith    .     (shield currently unavailable)
rPois  x         Spirit   .     (helmet currently unavailable)
rElec  .         Reflect  .     (cloak currently unavailable)
rCorr  .         Harm     .     (gloves currently unavailable)
MR     .....                    (boots currently unavailable)
Stlth  ++........               (no amulet)
                                (no ring)
                                (no ring)

@: lethally poisoned (0 -> -20), spider-form, very slightly contaminated
A: unfitting armour, (cold-blooded), AC +5
a: End Transformation


You were on level 2 of the Dungeon.
You were not hungry.
You were a venomous arachnid creature.
You visited 1 branch of the dungeon, and saw 3 of its levels.

You collected 75 gold pieces.

Inventory:

Missiles
 a - 39 arrows
Jewellery
 l - an uncursed amulet of the gourmand {unknown}
 q - a +4 ring of intelligence {unknown}
Scrolls
 f - 2 scrolls of enchant armour
 g - a scroll of enchant weapon
 n - a scroll of remove curse {unknown}
 o - a scroll of fog {unknown}
 p - a scroll of teleportation {unknown}
 r - a scroll of amnesia {unknown}
Potions
 d - a potion of curing
 e - a potion of degeneration {unknown}
 i - a potion of agility {unknown}
 j - a potion of ambrosia {unknown}
 m - 2 potions of might {unknown}
Books
 b - a book of Changes

   Spells                             Type                      Level
   a - Beastly Appendage              Transmutation                1
   b - Sticks to Snakes               Transmutation                2
   c - Spider Form                    Transmutation/Poison         3
   d - Ice Form                       Ice/Transmutation            4
   e - Blade Hands                    Transmutation                5
Comestibles
 c - 2 bread rations
 k - 3 meat rations


   Skills:
 - Level 1.1 Fighting
 - Level 1.7 Dodging
 * Level 4.3 Unarmed Combat
 - Level 2.0 Spellcasting
 + Level 3.2 Transmutations


You had one spell level left.
You knew the following spells:

 Your Spells              Type           Power        Failure   Level  Hunger
a - Beastly Appendage     Tmut           ##....       24%         1    ##.....
b - Sticks to Snakes      Tmut           ##......     28%         2    ###....
c - Spider Form           Tmut/Pois      #.........   61%         3    ####...


Dungeon Overview and Level Annotations

Branches:
Dungeon (3/15)

Altars:

Annotations:
D:2 Crazy Yiuf, Sigmund


Innate Abilities, Weirdness & Mutations

((Your plain brown scales are hard. (AC +5)))
You cannot fit into any form of body armour.
((You are cold-blooded and may be slowed by cold attacks.))


Message History

Casting: Spider Form
Confirm with . or Enter, or press ? or * to list all spells.
You turn into a venomous arachnid creature.
Crazy Yiuf hits you with a quarterstaff of chaos.
You are lethally poisoned!
You hit Crazy Yiuf.
Crazy Yiuf is poisoned.
Crazy Yiuf is moderately wounded.
You feel sick.
Crazy Yiuf hits you with a quarterstaff of chaos.
Crazy Yiuf burns you.
You hit Crazy Yiuf but do no damage.
Crazy Yiuf looks as sick as possible!
Crazy Yiuf is moderately wounded.
You feel sick. Crazy Yiuf misses you.
You hit Crazy Yiuf.
Crazy Yiuf looks as sick as possible!
Crazy Yiuf is heavily wounded.
You feel sick.
Crazy Yiuf hits you with a quarterstaff of chaos!
* * * LOW HITPOINT WARNING * * *
Crazy Yiuf burns you.
You die...

#....# #....(......
#....####.......####
#....'.............#
#....####.......####
#....# #.......# #
###.## #.......#
##'# ######### #..#
#.s# #.g##♣♣ ### #
#.....♣♣ ♣♣#..)# #
#......♣♣♣♣.'...# #
#.......♣).♣#...#
#########......♣.♣♣♣
###
#..........##♣♣♣♣♣
###.######## # #.#
### #####


You could see Crazy Yiuf.

Vanquished Creatures
  2 adders (D:2)
  An ooze (D:2)
  A worm (D:2)
  3 dart slugs
  2 leopard geckos
  A giant cockroach (D:2)
  3 goblins (D:1)
  4 hobgoblins (D:2)
  11 jackals (D:2)
  2 kobolds (D:1)
  A ball python (D:2)
  7 bats
  A frilled lizard (D:2)
  4 rats
43 creatures vanquished.

Notes
Turn   | Place    | Note
-------+----------+-------------------------------------------
     0 | D:1      | kae the Draconian Transmuter began the quest for the Orb.
     0 | D:1      | Reached XP level 1. HP: 16/16 MP: 3/3
   320 | D:1      | Reached XP level 2. HP: 23/23 MP: 5/5
   876 | D:2      | Reached XP level 3. HP: 21/28 MP: 4/6
   976 | D:2      | Reached skill level 4 in Unarmed Combat
  1013 | D:2      | Noticed Sigmund
  1650 | D:2      | Reached XP level 4. HP: 27/35 MP: 7/7
  2142 | D:2      | Found a runed door.
  2149 | D:2      | Learned a level 2 spell: Sticks to Snakes
  2153 | D:2      | Learned a level 3 spell: Spider Form
  2154 | D:2      | Noticed Crazy Yiuf
  2178 | D:2      | Slain by Crazy Yiuf

Skill      XL: |  1  2  3 |
---------------+----------+-----
Unarmed Combat | 4 |  4.3
Transmutations | 3 |  3.2
Fighting       | |  1.1
Dodging        | |  1.7
Spellcasting   | |  2.0

Action                   |  1- 3 |  4- 6 || total
-------------------------+-------+-------++-------
Melee: Unarmed           |   178 |    18 ||   196
       Tailslap          |    16 |     4 ||    20
       Kick              |    14 |       ||    14
       Headbutt          |     4 |       ||     4
       Punch             |     3 |       ||     3
 Cast: Beastly Appendage |    10 |       ||    10
       Spider Form       |       |     1 ||     1
  Use: Scroll            |     4 |       ||     4
 Stab: Sleeping          |     1 |       ||     1
  Eat: Chunk             |     3 |       ||     3
       Royal jelly       |       |     1 ||     1
Armor: Skin              |    64 |     1 ||    65
Dodge: Dodged            |   110 |    15 ||   125
